 Dungeon Crawl Stone Soup version 0.26.0-41-g79a4fc7684 (webtiles) character file.

Game seed: 504421497558703261

11737 thiole the Fighter (level 11, -4/81 HPs)
             Began as an Octopode Hedge Wizard on Jan 26, 2021.
             Was an Initiate of Gozag.
             Slain by an eight-headed hydra (13 damage)
             ... on level 11 of the Dungeon.
             The game lasted 00:41:43 (14563 turns).

thiole the Fighter (Octopode Hedge Wizard)         Turns: 14563, Time: 00:41:43

Health: -4/81      AC:  7    Str: 10    XL:     11   Next: 82%
Magic:  26/26      EV: 18    Int: 20    God:    Gozag
Gold:   2212       SH:  4    Dex: 11    Spells: 4/18 levels left

rFire    . . .     SeeInvis .   a - +7 Singing Sword {vorpal, sonic wave}
rCold    . . .     Faith    .   g - +0 buckler
rNeg     . . .     Spirit   .   q - +2 hat
rPois    .         Reflect  .   z - amulet of the acrobat
rElec    .         Harm     .   i - ring of magical power
rCorr    .         Rampage  .   s - ring of flight
Will     +....                  t - +4 ring of protection
Stlth    ++++......             D - ring of willpower
HPRegen  0.23/turn              (no ring)
MPRegen  0.20/turn              (no ring)
                                (no ring)
                                (no ring)

@: no status effects
A: almost no armour, stealthy swim, amphibious, 8 rings, constrict 8, camouflage
1, gelatinous body 1
a: Renounce Religion, Evoke Flight, Potion Petition, Call Merchant, Bribe Branch


You were on level 11 of the Dungeon.
You worshipped Gozag.
Gozag was most pleased with you.
You visited 1 branch of the dungeon, and saw 13 of its levels.

You collected 2308 gold pieces.
You paid 96 gold pieces to Gozag.

Inventory:

Hand Weapons
 a - the +7 Singing Sword (weapon) {vorpal, sonic wave}
   (You found it on level 7 of the Dungeon)

   It inflicts extra damage upon your enemies.
 k - a +0 dagger
 r - a +0 whip of flaming
Missiles
 h - 62 poisoned darts
 I - 5 datura-tipped darts
Armour
 g - a +0 buckler (worn)
 q - a +2 hat (worn)
Magical Staves
 b - an uncursed staff of conjuration
Jewellery
 i - a ring of magical power (left tentacle)
 s - a ring of flight (right tentacle)
 t - a +4 ring of protection (on tentacle)
 z - an amulet of the acrobat (around mantle)
 D - a ring of willpower (on tentacle)
 J - an uncursed ring of willpower
 L - an uncursed amulet of guardian spirit {unknown}
Wands
 m - a wand of polymorph (3)
 x - a wand of random effects (9)
 E - a wand of iceblast (12)
 F - a wand of paralysis (13)
 K - a wand of flame (44)
Scrolls
 e - a scroll of fog
 f - a scroll of enchant armour
 j - a scroll of summoning
 n - 7 scrolls of remove curse
 o - a scroll of identify
 u - 2 scrolls of amnesia
 v - 2 scrolls of immolation {unknown}
 w - 2 scrolls of magic mapping
 y - a scroll of torment
 A - a scroll of fear
 B - 3 scrolls of enchant weapon
 N - a scroll of blinking {unknown}
Potions
 c - a potion of might
 d - a potion of resistance
 l - a potion of brilliance
 p - a potion of magic
 C - a potion of ambrosia
 G - a potion of flight
 M - a potion of mutation {unknown}
Miscellaneous
 O - a phial of floods


   Skills:
 + Level 10.3 Fighting
 + Level 8.2 Long Blades
 + Level 10.2 Dodging
 - Level 5.0 Stealth
 - Level 4.0 Shields
 - Level 4.0 Spellcasting
 - Level 2.0 Conjurations
 - Level 2.0 Hexes
 - Level 2.0 Summonings
 - Level 1.0 Translocations
 - Level 3.0 Ice Magic
 - Level 2.0 Air Magic
 - Level 2.0 Poison Magic


You had 4 spell levels left.
You knew the following spells:

 Your Spells              Type           Power        Failure   Level
a - Magic Dart            Conj           48%          5%          1
b - Call Imp              Summ           12%          9%          2
c - Blink                 Tloc           N/A          13%         2
d - Mephitic Cloud        Conj/Pois/Air  12%          17%         3
e - Dazzling Flash        Conj/Hex       24%          17%         3
f - Ozocubu's Armour      Ice            16%          11%         3

Your spell library contained the following spells:

 Spells                   Type           Power        Failure   Level
 Freeze                   Ice            64%          3%          1
 Corona                   Hex            13%          5%          1
 Summon Small Mammal      Summ           48%          5%          1
 Ensorcelled Hibernation  Hex/Ice        28%          7%          2
 Slow                     Hex            12%          9%          2
 Frozen Ramparts          Ice            32%          11%         3
 Beastly Appendage        Tmut           8%           13%         1
 Corpse Rot               Necr/Air       N/A          13%         2
 Call Canine Familiar     Summ           12%          17%         3
 Confusing Touch          Hex            12%          17%         3
 Static Discharge         Conj/Air       12%          17%         3
 Summon Guardian Golem    Hex/Summ       12%          17%         3
 Tukima's Dance           Hex            12%          17%         3
 Conjure Flame            Conj/Fire      8%           26%         3
 Hailstorm                Conj/Ice       14%          41%         4
 Summon Ice Beast         Ice/Summ       14%          41%         4
 Summon Lightning Spire   Summ/Air       12%          50%         4
 Eringya's Noxious Bog    Tmut/Pois      4%           100%        6


Dungeon Overview and Level Annotations

Branches:
Dungeon (13/15)            Temple (0/1) D:7            Lair (0/6) D:8
    Orc (0/2) D:9
 Vaults: D:13-14

Altars:
Elyvilon
Fedhas
Gozag
Nemelex Xobeh
Okawaru
Ru
Trog
Vehumet
The Shining One

Annotations:
D:5 exclusion: statue
D:11 3 runed translucent doors, shummie's ghost, journeyman MiFi


Innate Abilities, Weirdness & Mutations

You cannot wear most types of armour.
You are very stealthy in the water. (Stealth+)
You are amphibious.
You can wear up to eight rings at the same time.
You can use your tentacles to constrict eight enemies at once.
Your skin changes colour to match your surroundings (Stealth+).
Your rubbery body absorbs attacks. (AC +1, EV +1)


Message History

The eight-headed hydra barely misses you.
The eight-headed hydra misses you. x2
The eight-headed hydra completely misses you.
The eight-headed hydra bites you!
* * * LOW HITPOINT WARNING * * *
You hit the eight-headed hydra.
The Singing Sword shouts like a furious bull.
You send a blast of sound all around you.
The eight-headed hydra is blasted.
The eight-headed hydra is heavily wounded.
You squeeze the eight-headed hydra.
The eight-headed hydra is severely wounded.
You hear a roar!
The eight-headed hydra bites you!
* * * LOW HITPOINT WARNING * * *
You block the eight-headed hydra's attack.
The eight-headed hydra closely misses you. x2
The eight-headed hydra bites you!
You die...
Your body crumbles into a pile of gold.

..#...#.......#.....#.#......#...
..#...#.......#.....#.'......#...
..#...#.......#.....#.#......#...
..#...#.......#.....#.#......#...
..###'#.......#...).#.#......#...
..............#.....#.#......#...
##........=...#######.#.....)#...
#....................########...
####..........D@........... ....
#....>.................. ..##
#..............###......
#..#######.....# ###+## #..#
#.....# #..# #.....# #..# #.....#
###..+ #...### ##....#


You could see an eight-headed hydra.

Vanquished Creatures
  A boulder beetle (D:11)
  3 two-headed ogres
  The ghost of scottley the Ruffian, a novice TrMo (D:6)
  A cyclops (D:11)
  Psyche (D:8)
  A troll (D:10)
  A hornet (D:9)
  A wraith (D:11)
  9 yaks
  2 wyverns
  Grum (D:11)
  Menkaure (D:6)
  3 wargs (D:8)
  Edmund (D:6)
  A water moccasin (D:10)
  4 orc warriors
  2 ice beasts (D:9)
  A phantom (D:7)
  2 sky beasts
  2 black bears (D:9)
  A necrophage (D:10)
  3 centaurs
  3 ogres
  2 wolves (D:11)
  A big kobold (D:10)
  6 bullfrogs
  2 gnoll sergeants
  A wyvern skeleton (D:9)
  4 howler monkeys
  3 centaur zombies
  11 orc priests
  3 hounds
  7 orc wizards
  3 centaur skeletons
  An iguana (D:5)
  3 jellies
  3 bullfrog skeletons
  Jessica (D:2)
  6 worker ants
  A hound zombie (D:10)
  2 hound skeletons
  3 worker ant zombies
  A howler monkey skeleton (D:10)
  11 adders
  17 gnolls
  4 shadow imps
  2 white imps
  2 ufetubi
  An ooze (D:4)
  A worm (D:3)
  2 dart slugs (D:1)
  8 leopard geckos
  24 orcs
  2 giant cockroaches (D:8)
  6 goblins
  5 hobgoblins
  2 jackals (D:2)
  4 quokkas
  8 bats
  11 frilled lizards
  8 kobolds
  A leopard gecko skeleton (D:6)
  9 rats
238 creatures vanquished.

Vanquished Creatures (collateral kills)
  Pikel (D:6)
  A troll (D:9)
  Grinder (D:6)
  An ice beast (D:9)
  An ogre (D:8)
  A lemure (D:6)
  A howler monkey (D:5)
  3 jellies
  3 hounds (D:4)
  An orc wizard (D:4)
  An iguana (D:4)
  2 worker ants
  3 gnolls
  2 adders
  2 worms
  The ghost of Snicker the Sneak, a weakling DsDe (D:6)
  A leopard gecko (D:5)
  7 orcs
  A ball python (D:3)
  A giant cockroach (D:5)
  A goblin (D:3)
  A hobgoblin (D:3)
  4 rats (D:3)
41 creatures vanquished.

Vanquished Creatures (others)
  10 plants
  3 withered plants (D:6)
13 creatures vanquished.

Grand Total: 292 creatures vanquished

Notes
Turn   | Place    | Note
-------+----------+-------------------------------------------
     0 | D:1      | thiole the Octopode Hedge Wizard began the quest for the
                  | Orb.
     0 | D:1      | Reached XP level 1. HP: 11/11 MP: 4/4
   412 | D:1      | Reached XP level 2. HP: 17/17 MP: 0/6
  1228 | D:1      | Reached XP level 3. HP: 21/21 MP: 4/7
  1365 | D:1      | Learned a level 2 spell: Call Imp
  1368 | D:1      | Learned a level 2 spell: Blink
  1372 | D:1      | Learned a level 3 spell: Mephitic Cloud
  1533 | D:2      | Found a sparkling altar of Nemelex Xobeh.
  2040 | D:2      | Noticed Jessica
  2296 | D:2      | Killed Jessica
  2297 | D:2      | Reached XP level 4. HP: 24/27 MP: 6/9
  2484 | D:2      | Reached skill level 1 in Shields
  2573 | D:2      | Found a bloodstained altar of Trog.
  2612 | D:2      | Found a faded altar of an unknown god.
  2674 | D:2      | Found a glowing golden altar of the Shining One.
  3225 | D:3      | Reached XP level 5. HP: 30/31 MP: 11/11
  3630 | D:3      | Noticed a centaur
  3637 | D:3      | Killed a centaur
  3638 | D:3      | Reached skill level 5 in Stealth
  3648 | D:3      | Reached XP level 6. HP: 10/36 MP: 12/12
  4353 | D:4      | Found a blossoming altar of Fedhas.
  4495 | D:4      | Found an opulent altar of Gozag.
  4503 | D:4      | Became a worshipper of Gozag Ym Sagoz the Greedy
  4723 | D:4      | Learned a level 3 spell: Dazzling Flash
  5254 | D:5      | Entered Level 5 of the Dungeon
  5261 | D:5      | Reached skill level 1 in Air Magic
  5336 | D:5      | Reached XP level 7. HP: 39/42 MP: 12/13
  5412 | D:5      | Reached skill level 1 in Fighting
  5412 | D:5      | Reached skill level 1 in Hexes
  6276 | D:5      | Found a radiant altar of Vehumet.
  6626 | D:6      | Noticed Grinder
  6658 | D:6      | Found a sacrificial altar of Ru.
  6728 | D:6      | Killed Grinder
  6729 | D:6      | Reached skill level 1 in Poison Magic
  6856 | D:6      | Noticed Pikel
  6879 | D:6      | Killed Pikel
  6880 | D:6      | Reached XP level 8. HP: 46/54 MP: 8/14
  7175 | D:6      | Noticed Menkaure
  7616 | D:6      | Noticed Edmund
  7628 | D:6      | Killed Edmund
  7851 | D:6      | Killed Menkaure
  8141 | D:6      | Found a runed translucent gate.
  8142 | D:6      | Found a runed translucent gate.
  8143 | D:6      | Found a runed translucent gate.
  8143 | D:6      | Noticed scottley's ghost (novice TrMo)
  8143 | D:6      | Noticed Snicker's ghost (weakling DsDe)
  8199 | D:6      | Killed Snicker's ghost
  8510 | D:7      | Found the +7 Singing Sword {vorpal, sonic wave}
  8649 | D:6      | Killed scottley's ghost
  8650 | D:6      | Reached skill level 5 in Dodging
  8650 | D:6      | Reached XP level 9. HP: 24/62 MP: 15/15
  8955 | D:7      | Identified the Incunabulum of Shifting Weightlessness
  9271 | D:7      | Found a staircase to the Ecumenical Temple.
  9313 | D:7      | Found a white marble altar of Elyvilon.
  9319 | D:7      | Reached skill level 1 in Long Blades
  9689 | D:8      | Found a staircase to the Lair.
  9793 | D:8      | Paralysed by an orc wizard for 5 turns
 10421 | D:8      | Reached XP level 10. HP: 45/71 MP: 16/16
 10749 | D:8      | Reached skill level 5 in Long Blades
 11018 | D:8      | Noticed Psyche
 11209 | D:9      | Found a sacrificial altar of Ru.
 11279 | D:9      | Paralysed by a hornet for 2 turns
 12032 | D:8      | Killed Psyche
 12357 | D:9      | Found a staircase to the Orcish Mines.
 12436 | D:10     | Entered Level 10 of the Dungeon
 12460 | D:10     | Learned a level 3 spell: Ozocubu's Armour
 12496 | D:10     | Noticed a two-headed ogre
 12497 | D:10     | Noticed a two-headed ogre
 12516 | D:9      | Killed a two-headed ogre
 12517 | D:9      | Reached XP level 11. HP: 75/80 MP: 17/17
 12531 | D:10     | Killed a two-headed ogre
 13229 | D:10     | Noticed a two-headed ogre
 13238 | D:10     | Killed a two-headed ogre
 13690 | D:11     | Noticed Grum
 13709 | D:11     | Killed Grum
 13790 | D:11     | Found a runed translucent gate.
 13790 | D:11     | Found a runed translucent gate.
 13790 | D:11     | Found a runed translucent gate.
 13791 | D:11     | Noticed shummie's ghost (journeyman MiFi)
 13791 | D:11     | Noticed a 12-headed hydra
 13870 | D:11     | Found a sparkling altar of Nemelex Xobeh.
 13880 | D:11     | Reached skill level 10 in Fighting
 13997 | D:11     | You fall into a shaft and drop 2 floors!
 14000 | D:13     | Noticed a centaur warrior
 14058 | D:11     | Noticed a cyclops
 14066 | D:11     | Killed a cyclops
 14067 | D:11     | Reached skill level 10 in Dodging
 14070 | D:11     | Noticed a boulder beetle
 14100 | D:11     | Killed a boulder beetle
 14364 | D:11     | Found an iron altar of Okawaru.
 14556 | D:11     | Noticed a six-headed hydra
 14563 | D:11     | Slain by an eight-headed hydra

Illustrated notes

Levels and vault maps discovered:
D:1:      dpeg_arrival_ratfight, layout_loops_ring, minmay_misc_feat_pillars,
          wander_ebering_terrifying_dragon_lair
D:2:      layout_basic, lemuel_doored_altar, lemuel_round_altar,
          nicolae_tso_carved_into_rock, chequers_ecumenical_altar_twisty,
          minmay_misc_feat_tower, uniq_jessica
D:3:      minmay_diamond_boxcup, layout_basic, serial_corexii_hall,
          chequers_hall_statues_y, corexii_hall_statues_s
D:4:      layout_rooms, lemuel_coloured_pillars_altar, fedhas_altar_2,
          minmay_crossroads
D:5:      layout_gridville, vehumet_statue, minmay_lizard_king
D:6:      layout_loops_ring, gammafunk_ghost_cemetery, nicolae_ru_awakened_eye,
          uniq_pikel, uniq_grinder, uniq_menkaure, uniq_edmund
D:7:      layout_basic, overflow_temple_1_default, minmay_temple_entry_slanted
D:8:      layout_loops_ring, erik_lair_orcish_takeover, columned_hall_lemuel,
          uniq_psyche
D:9:      layout_gridville, lemuel_round_altar, orc_0_dummy, serial_glass,
          glass_columns_b, glass_columns_a
D:10:     layout_irregular_city, minmay_fractal_squares_5
D:11:     layout_irregular_city, gammafunk_ghost_hydra_chop,
          hangedman_feature_mirror, serial_park_tiny_1, uniq_grum, uniq_erolcha
D:12:     layout_gridville, nicolae_trove_entry_columns, uniq_josephine
D:13:     layout_layer_cave, gammafunk_ghost_crypt

Skill      XL: |  1  2  3  4  5  6  7  8  9 10 11 |
---------------+----------------------------------+-----
Stealth        | 3 5 |  5.0
Shields        | 1 2 4 |  4.0
Summonings     | 2 |  2.0
Conjurations   | 2 |  2.0
Spellcasting   | 4 |  4.0
Air Magic      | 1 2 |  2.0
Fighting       | 3 6 7 9 10 | 10.3
Hexes          | 2 |  2.0
Dodging        | 3 5 7 9 10 | 10.2
Poison Magic   | 2 |  2.0
Long Blades    | 4 6 8 |  8.2
Ice Magic      | 2 3 |  3.0
Translocations | |  1.0

Action                   |  1- 3 |  4- 6 |  7- 9 | 10-12 || total
-------------------------+-------+-------+-------+-------++-------
Melee: Dagger            |    15 |    18 |    39 |       ||    72
       Constrict         |     4 |     4 |    21 |    26 ||    55
       Tentacles         |     3 |     6 |    14 |    29 ||    52
       Double sword      |       |       |    64 |   167 ||   231
Throw: Dart              |    21 |     1 |     3 |       ||    25
 Cast: Magic Dart        |    63 |   101 |    78 |    93 ||   335
       Call Imp          |     2 |    47 |    79 |    43 ||   171
       Mephitic Cloud    |       |       |     4 |     2 ||     6
Evoke: Wand              |       |       |     2 |       ||     2
  Use: Scroll            |       |     9 |    10 |     9 ||    28
       Potion            |       |     1 |     8 |     1 ||    10
 Stab: Distracted        |       |     1 |     1 |     4 ||     6
       Sleeping          |       |       |     3 |     6 ||     9
Armor: Skin              |     1 |     8 |    29 |    30 ||    68
Dodge: Dodged            |    26 |    34 |    61 |   127 ||   248
Block: Buckler           |     2 |    12 |    29 |    42 ||    85
       Rpst.: Double sword |       |       |    12 |    29 ||    41
